Map: Tropic Shores

Players

AnharMA

  • Race: Zerg Zerg
  • Spawn Location: 6:00

Shade

  • Race: Zerg Zerg
  • Spawn Location: 6:00

bestiger

  • Race: Terran Terran
  • Spawn Location: 5:00

Infamous

  • Race: Terran Terran
  • League: Silver
  • Spawn Location: 5:00

Madz

  • Race: Terran Terran
  • League: Gold
  • Spawn Location: 12:00

IdrisuHakase

  • Race: Terran Terran
  • Spawn Location: 11:00

TIGER

  • Race: Zerg Zerg
  • Spawn Location: 12:00

LeoZJ

  • Race: Protoss Protoss
  • Spawn Location: 0:00

VOD

Have the link to the VOD?

Description

Time

  • Played on: April 10, 2018, 9:27 a.m.
  • Length: 14:49
Show
View Real Time Build Order
Export as new Build Order

AnharMA Zerg 

Build Orders: Hatch First 

Get SALT Encoding   

  12  0:01  Drone  
  13  0:08  Drone  
  14  0:18  Overlord  
  14  0:27  Extractor x2, Drone  
  13  0:31  Drone  
  16  0:55  Drone  
  17  0:57  Hatchery  
  17  0:59  Drone  
  17  1:15  Spawning Pool  
  16  1:18  Extractor, Drone  
  16  1:23  Drone  
  17  1:35  Drone x2  
  19  2:02  Zergling x2  
  19  2:03  Zergling x4  
  22  2:08  Queen  
  22  2:10  Overlord  
  24  2:17  Queen  
  24  2:19  Zergling x2  
  27  2:23  Metabolic Boost  
  27  2:31  Drone x3  
  30  2:40  Zergling x2  
  31  2:46  Drone x2  
  33  2:58  Drone  
  33  3:00  Drone  
  35  3:09  Overlord  
  35  3:11  Drone  
  36  3:27  Queen x2  
  36  3:28  Overlord  
  36  3:30  Zergling x8  
  44  3:51  Zergling x12  
  50  4:03  Lair  
  50  4:09  Drone x2  
  44  4:30  Zergling x12  
  44  4:31  Zergling x6  
  50  4:43  Zergling x2  
  51  4:46  Overlord x3  
  51  4:59  Overlord x2  
  51  5:06  Extractor x2  
  49  5:17  Extractor  
  48  5:47  Spore Crawler  
  47  5:52  Spore Crawler, Drone  
  47  5:53  Drone x12  
  57  6:05  Queen  
  57  6:06  Queen  
  59  6:22  Spore Crawler  
  49  6:40  Pneumatized Carapace  
  49  6:43  Hydralisk Den  
  42  6:56  Overlord x2  
  42  6:57  Overlord x5  
  42  7:15  Drone  
  43  7:16  Drone  
  43  7:17  Drone  
  43  7:18  Drone x7  
  52  7:26  Grooved Spines  
  52  7:27  Queen  
  54  7:46  Overlord x5  
  54  7:47  Overlord x2  
  54  7:55  Overlord x2  
  54  8:20  Drone x4  
  54  8:25  Evolution Chamber  
  57  8:28  Evolution Chamber  
  56  8:35  Drone x2  
  56  8:36  Drone x4  
  56  8:37  Muscular Augments  
  50  9:26  Hydralisk x6, Zerg Ground Armor Level 1, Zerg Missile Weapons Level 1  
  50  9:27  Hydralisk x6  
  72  9:35  Spore Crawler  
  70  10:11  Hydralisk x7  
  70  10:12  Hydralisk x3  
  90  10:30  Infestation Pit  
  90  10:32  Lurker Den  
  88  10:43  Hatchery  
  87  10:52  Hydralisk x6  
  87  10:55  Overlord  
  87  10:56  Overlord  
  99  11:18  Hydralisk x5  
  99  11:22  Overseer  
  109  11:32  Overlord  
  109  11:36  Zerg Missile Weapons Level 2  
  109  11:39  Zerg Ground Armor Level 2  
  88  12:42  Drone  
  88  12:43  Drone x8  
  71  12:59  Hydralisk  
  71  13:00  Hydralisk x3  
  66  13:33  Hydralisk x3  
  59  13:56  Hydralisk Den  
Show
View Real Time Build Order
Export as new Build Order

Shade Zerg 

Build Orders: Pool First 

Get SALT Encoding   

  12  0:03  Drone  
  13  0:14  Drone  
  13  0:20  Extractor  
  13  0:22  Drone  
  13  0:26  Overlord  
  14  0:48  Drone x3  
  17  0:57  Spawning Pool  
  17  1:00  Drone  
  17  1:10  Drone  
  18  1:27  Drone  
  19  1:36  Drone  
  20  1:44  Queen  
  20  1:45  Overlord  
  22  1:55  Metabolic Boost  
  22  2:08  Hatchery  
  21  2:11  Zergling x2  
  21  2:12  Zergling x2  
  23  2:32  Zergling x2  
  23  2:33  Zergling x2  
  25  2:38  Zergling x2  
  26  2:51  Spore Crawler  
  26  2:54  Zergling x2  
  26  2:58  Zergling x2  
  27  3:00  Zergling x6  
  31  3:27  Drone x2  
  31  3:31  Lair  
  31  3:33  Drone  
  33  3:38  Drone x3  
  36  3:42  Extractor  
  35  4:06  Drone  
  35  4:08  Overlord x2  
  27  4:29  Spore Crawler, Drone x2  
  27  4:36  Spore Crawler  
  27  4:37  Drone x2  
  27  4:38  Drone  
  29  4:39  Drone  
  29  4:45  Hydralisk Den  
  29  4:50  Drone  
  29  4:51  Drone  
  31  5:03  Evolution Chamber  
  30  5:14  Hydralisk x2  
  30  5:15  Hydralisk x2  
  30  5:18  Hydralisk  
  30  5:19  Hydralisk x2  
  44  5:22  Pneumatized Carapace  
  44  5:25  Grooved Spines  
  44  5:31  Overlord x3  
  44  5:42  Overlord x2  
  44  5:47  Overseer  
  44  5:50  Hydralisk  
  46  6:03  Drone x2  
  48  6:07  Drone  
  46  6:16  Zergling x2  
  44  6:29  Hatchery  
  43  6:39  Hatchery  
  42  7:12  Nydus Network  
  42  7:14  Hydralisk x4  
  49  7:30  Spore Crawler  
  48  7:56  Drone x2  
  50  8:01  Drone  
  50  8:05  Hydralisk x4  
  59  8:30  Nydus Canal  
  27  9:23  Drone x3  
  30  9:27  Drone x3  
  30  9:29  Queen  
  35  9:31  Hydralisk  
  35  9:32  Hydralisk x6  
  49  9:40  Drone  
  49  9:44  Drone  
  51  9:53  Drone  
  51  9:57  Drone x2  
  54  10:12  Hydralisk x5  
  54  10:13  Hydralisk  
  66  10:17  Zerg Missile Weapons Level 1  
  66  10:27  Drone x2  
  68  10:31  Extractor  
  68  10:32  Drone  
  68  10:36  Drone x3  
  71  10:43  Extractor  
  71  10:45  Extractor  
  69  10:53  Spore Crawler  
  69  10:54  Drone x2  
  70  11:01  Spore Crawler  
  70  11:02  Drone  
  70  11:06  Drone  
  70  11:07  Drone  
  70  11:10  Drone x2  
  74  11:15  Overlord  
  74  11:16  Overlord  
  74  11:21  Overlord x3  
  74  11:23  Overseer  
  74  11:24  Overseer  
  74  11:27  Muscular Augments  
  74  11:37  Hydralisk x2  
  74  11:38  Hydralisk  
  80  11:56  Hydralisk  
  82  12:01  Hydralisk x3  
  88  12:11  Zerg Ground Armor Level 1  
  88  12:28  Overlord  
  88  12:39  Hydralisk x2  
  88  12:40  Hydralisk x3  
  98  12:56  Nydus Canal  
  48  13:51  Hydralisk x6  
  60  14:00  Queen  
  60  14:01  Hydralisk x3  
  68  14:06  Hydralisk x5  
  68  14:07  Hydralisk  
Show
View Real Time Build Order
Export as new Build Order

bestiger Terran 

Build Orders: MMM Bio 

Get SALT Encoding   

  12  1:06  SCV  
  13  1:13  Supply Depot  
  13  1:18  SCV  
  13  1:25  Command Center, Refinery  
  14  1:31  SCV  
  15  1:38  Barracks  
  15  1:43  SCV  
  16  1:47  Barracks  
  16  1:54  Refinery  
  16  1:55  SCV  
  17  2:07  SCV  
  18  2:19  SCV  
  19  2:34  Orbital Command  
  19  2:39  Marine, Barracks Tech Lab  
  20  2:44  Orbital Command  
  20  2:59  Factory  
  20  3:04  SCV  
  21  3:07  Marine  
  21  3:08  Marine  
  23  3:18  Stimpack  
  23  3:26  SCV  
  24  3:27  Marine  
  24  3:29  Marauder  
  27  3:34  SCV  
  28  3:47  Factory Reactor, Starport  
  28  3:49  Marine  
  28  3:50  SCV  
  28  3:52  SCV  
  28  3:53  Marine  
  32  4:00  Supply Depot  
  32  4:04  SCV  
  32  4:09  Marine  
  33  4:10  Supply Depot  
  33  4:11  Marauder  
  36  4:21  SCV  
  37  4:35  Marine  
  37  4:36  Marauder  
  37  4:37  SCV  
  41  4:42  Supply Depot  
  41  4:44  Medivac x2  
  45  4:49  SCV  
  46  4:54  Refinery  
  46  4:56  Refinery  
  46  4:57  SCV  
  47  5:01  SCV  
  48  5:11  SCV  
  48  5:13  Engineering Bay  
  49  5:19  Combat Shields  
  49  5:22  Marine  
  49  5:23  Marauder  
  52  5:40  Marine  
  53  5:43  Marine  
  53  5:44  Missile Turret x2  
  53  5:48  Missile Turret  
  54  5:50  Terran Infantry Armor Level 1  
  54  5:51  Missile Turret  
  54  6:05  Marine x2  
  56  6:23  Marine x2  
  58  6:40  Marine x2  
  60  6:55  Barracks  
  60  6:58  Marine x2  
  62  7:34  Marine  
  58  7:58  SCV  
  59  8:05  Barracks  
  59  8:07  Barracks  
  59  8:09  Marine x2  
  59  8:10  SCV  
  59  8:12  Terran Infantry Weapons Level 1  
  62  8:23  SCV  
  62  8:24  Concussive Shells  
  62  8:26  Marine  
  64  8:27  Marauder  
  66  8:36  SCV  
  67  8:44  Barracks, Marine  
  67  8:48  Barracks, SCV, Marauder  
  71  8:56  Barracks  
  71  9:01  Barracks Reactor x2  
  71  9:02  Barracks Reactor  
  71  9:06  Armory  
  71  9:10  Medivac x2  
  71  9:13  Marine  
  71  9:14  Marauder  
  78  9:20  Supply Depot x2  
  78  9:23  Supply Depot  
  78  9:30  SCV  
  79  9:31  Engineering Bay  
  79  9:38  Marine x5, Marauder  
  82  9:41  Marine x3  
  82  9:42  SCV  
  90  9:46  Supply Depot  
  90  9:48  Medivac x2  
  90  9:49  Supply Depot  
  94  10:00  Terran Infantry Armor Level 2  
  94  10:07  Terran Infantry Weapons Level 2  
  94  10:09  Barracks Reactor  
  94  10:10  Barracks Tech Lab, Barracks Reactor  
  94  10:11  Barracks Tech Lab  
  94  10:12  Marine x3, Marauder  
  94  10:13  Marine x3  
  102  10:23  Supply Depot, Terran Vehicle And Ship Armor Level 1  
  102  10:28  Supply Depot  
  102  10:30  Marine x5  
  102  10:34  Marauder  
  109  10:38  Marine, Marauder x2  
  114  10:47  Marine  
  115  10:53  Marine x4  
  115  10:54  Marine x3  
  115  10:55  Marine, Marauder  
  115  10:56  Marine  
  126  10:59  Marine, Marauder  
  129  11:09  Medivac x2  
  133  11:12  Marine  
  133  11:16  Marauder  
  133  11:17  Marauder  
  138  11:24  Marine  
  138  11:25  Marine x3  
  142  12:13  Marine x5  
  142  12:14  Marine x2, Marauder  
  142  12:15  Marauder  
  69  12:31  Marine  
  69  12:32  Marine x10  
  69  12:35  Marine x2  
  82  12:49  Marine  
  82  12:50  Marine x5, Marauder  
  90  12:53  Marauder  
  90  12:54  Marauder  
  94  13:08  Marine  
  94  13:09  Marine x3  
  94  13:12  Marauder  
  45  14:10  Marine  
  45  14:11  Marine x12  
  58  14:28  Marine  
  58  14:29  Marine x11  
Show
View Real Time Build Order
Export as new Build Order

Infamous Terran 

Build Orders:  

Get SALT Encoding   

  12  0:01  SCV  
  13  0:16  SCV  
  13  0:21  Supply Depot  
  14  0:29  SCV  
  15  0:44  Barracks  
  15  0:48  Refinery  
  15  0:49  SCV  
  16  1:02  SCV  
  17  1:15  SCV  
  18  1:28  SCV  
  19  1:42  SCV  
  20  1:53  Barracks Reactor, Refinery  
  20  1:54  SCV  
  21  2:00  Supply Depot  
  21  2:06  SCV  
  22  2:21  SCV  
  23  2:23  Supply Depot, Command Center  
  23  2:34  Reaper  
  23  2:35  Factory  
  24  2:40  SCV  
  24  2:43  Reaper  
  26  3:00  SCV  
  27  3:17  SCV  
  28  3:37  SCV  
  28  3:41  SCV  
  30  3:49  SCV  
  30  3:51  Cyclone  
  30  3:52  Cyclone  
  30  3:53  SCV  
  38  4:01  SCV  
  39  4:05  SCV  
  39  4:07  Barracks Tech Lab  
  40  4:13  SCV  
  41  4:39  SCV  
  41  4:40  SCV  
  41  4:42  Cyclone x2  
  49  4:48  Combat Shields  
  47  5:08  Factory  
  47  5:17  SCV, Engineering Bay  
  47  5:18  SCV  
  49  5:22  Refinery  
  49  5:30  SCV x2  
  49  5:31  Refinery  
  51  5:43  Engineering Bay  
  51  5:53  Missile Turret  
  51  5:56  Missile Turret  
  51  5:57  Missile Turret  
  51  5:59  Missile Turret  
  51  6:00  Missile Turret x2, SCV x2  
  53  6:12  SCV  
  53  6:14  Factory Reactor  
  53  6:18  Terran Infantry Weapons Level 1  
  54  6:19  SCV, Cyclone  
  54  6:20  Cyclone, Terran Infantry Armor Level 1  
  48  6:46  Marauder  
  50  6:51  Orbital Command, Cyclone  
  54  6:57  Orbital Command  
  54  7:51  SCV  
  54  8:00  Supply Depot  
  54  8:04  Supply Depot  
  54  8:22  SCV, Cyclone x2  
  54  8:23  Supply Depot  
  54  8:25  Cyclone x2, Armory  
  67  8:27  Supply Depot  
  67  8:30  SCV  
  62  8:54  Cyclone  
  56  8:57  Cyclone x2  
  57  9:22  Factory  
  59  9:31  Widow Mine  
  59  9:32  Cyclone  
  62  9:39  Terran Vehicle Weapons Level 1  
  62  9:51  SCV x2  
  62  9:52  Cyclone  
  67  10:03  SCV x2  
  69  10:14  Rapid Fire Launchers  
  69  10:15  SCV  
  68  10:59  Thor  
  68  11:03  Cyclone x2  
  80  11:04  Cyclone x2  
  86  11:33  Terran Vehicle And Ship Armor Level 1  
  86  11:47  SCV  
  86  12:55  Cyclone x2  
  86  12:56  SCV x2, Cyclone  
  86  12:58  Cyclone x2  
  61  13:08  SCV x2  
  63  13:27  Supply Depot, Thor, Cyclone  
  63  13:28  Cyclone  
  75  13:48  Cyclone x2  
  81  13:51  Supply Depot  
  80  14:15  Supply Depot  
  74  14:20  Factory  
  66  14:37  Supply Depot  
Show
View Real Time Build Order
Export as new Build Order

Madz Terran 

Build Orders: Mech 

Get SALT Encoding   

  12  0:01  SCV  
  13  0:13  SCV  
  14  0:21  Supply Depot  
  14  0:28  SCV  
  15  0:37  Refinery  
  15  0:42  SCV  
  16  0:46  Barracks  
  16  0:54  SCV  
  17  1:06  SCV  
  18  1:19  SCV  
  19  1:33  Orbital Command  
  19  1:38  Supply Depot  
  19  1:41  Factory  
  19  1:42  Marine  
  20  2:00  SCV  
  21  2:02  Barracks Reactor  
  21  2:12  SCV  
  22  2:24  SCV  
  22  2:28  Hellion  
  22  2:29  Command Center  
  25  2:33  Refinery  
  25  2:36  SCV  
  28  2:58  Hellion  
  28  2:59  Hellion  
  30  3:09  Factory, SCV  
  31  3:13  Supply Depot  
  31  3:35  Hellion x2, SCV  
  36  3:42  Orbital Command  
  36  3:56  Factory Tech Lab  
  36  4:07  Hellion x2  
  36  4:09  SCV x2  
  42  4:18  Supply Depot  
  36  4:32  SCV x2  
  36  4:34  Hellion  
  36  4:35  Hellion  
  36  4:38  Siege Tank  
  45  4:49  SCV x2  
  45  4:51  Armory  
  47  4:55  Infernal Pre-Igniter  
  47  5:01  SCV x2  
  49  5:13  Siege Tank, Command Center, SCV x2  
  54  5:14  Hellion  
  54  5:15  Hellion  
  58  5:25  SCV x2  
  58  5:27  Refinery  
  60  5:32  Engineering Bay  
  60  5:40  SCV x2  
  62  5:46  Terran Vehicle Weapons Level 1  
  62  5:53  Supply Depot  
  62  5:55  Supply Depot  
  62  6:00  Missile Turret  
  62  6:05  Missile Turret  
  62  6:15  SCV x2  
  64  6:22  Factory  
  64  6:26  Factory  
  64  6:27  SCV x3  
  64  6:28  Supply Depot  
  64  6:32  Supply Depot  
  67  6:39  SCV, Refinery  
  68  6:48  Orbital Command  
  68  6:51  Siege Tank  
  75  6:56  Hellbat x2  
  75  7:10  Supply Depot  
  75  7:20  Armory  
  75  7:26  SCV x2  
  75  7:27  SCV  
  78  7:52  Factory Reactor, Siege Tank  
  78  7:54  Factory Tech Lab  
  81  8:02  Orbital Command  
  81  8:08  Missile Turret  
  81  8:09  Missile Turret  
  81  8:10  Terran Vehicle Weapons Level 2  
  81  8:11  Missile Turret, Terran Vehicle And Ship Armor Level 1  
  81  8:12  Missile Turret  
  81  8:13  Hi-Sec Auto Tracking  
  81  8:18  Hellbat x2, Siege Tank  
  88  8:22  Supply Depot  
  88  8:24  Supply Depot  
  88  8:29  Missile Turret  
  88  9:02  Missile Turret  
  88  9:03  Missile Turret x2  
  88  9:04  Missile Turret  
  88  9:07  Missile Turret x2  
  88  9:10  Siege Tank x2  
  88  9:11  Hellbat x2  
  88  9:12  Hellbat x2  
  102  9:23  Missile Turret  
  102  9:24  Missile Turret  
  102  9:33  Hellbat x2  
  102  9:36  Factory  
  106  9:38  Factory  
  106  9:39  Factory x2  
  106  9:41  Starport  
  106  9:42  Starport  
  106  9:44  Starport  
  106  9:50  Refinery  
  106  10:03  Supply Depot  
  106  10:04  Supply Depot  
  106  10:12  Missile Turret  
  106  10:13  Missile Turret x2  
  106  10:14  Missile Turret  
  106  10:15  Missile Turret  
  106  10:16  Missile Turret  
  106  10:17  Missile Turret  
  106  10:50  SCV  
  106  10:51  SCV x2  
  106  10:57  Factory Tech Lab x2  
  109  10:58  Factory Reactor, Factory Tech Lab  
  109  11:03  Starport Reactor x2  
  109  11:04  Starport Tech Lab  
  109  11:08  Hellbat x4  
  109  11:09  Siege Tank x2  
  123  11:13  Terran Vehicle And Ship Armor Level 2, Terran Vehicle Weapons Level 3  
  123  11:16  Supply Depot  
  123  11:19  Supply Depot  
  123  11:26  Siege Tank  
  123  11:27  Siege Tank x2  
  132  11:32  Raven  
  134  11:41  Siege Tank  
  136  12:22  Siege Tank x2  
  142  12:23  Siege Tank x3  
  142  12:25  Hellbat x4  
  142  12:26  Hellbat x2  
  142  12:29  Viking  
  165  12:42  Refinery  
  165  12:58  Viking  
  164  13:03  Siege Tank  
  164  13:09  Supply Depot  
  164  13:11  Supply Depot  
  164  13:14  Hellbat, Siege Tank x4  
  178  13:33  Supply Depot  
  178  13:35  Supply Depot  
  178  13:57  Siege Tank  
  178  13:58  Supply Depot, Siege Tank x4  
  178  13:59  Hellion x2  
  178  14:00  Hellion, Supply Depot  
Show
View Real Time Build Order
Export as new Build Order

IdrisuHakase Terran 

Build Orders:  

Get SALT Encoding   

  12  0:06  SCV  
  13  0:18  SCV  
  14  0:22  Supply Depot  
  14  0:30  SCV  
  15  0:37  Refinery  
  15  0:43  SCV  
  16  0:55  SCV  
  17  0:58  Barracks  
  17  1:04  Refinery  
  17  1:08  SCV  
  18  1:25  SCV  
  19  1:37  SCV  
  20  1:47  Barracks Reactor  
  20  1:52  Barracks  
  20  1:59  Orbital Command  
  20  2:17  Command Center  
  20  2:27  SCV  
  21  2:36  Supply Depot  
  21  2:39  SCV  
  21  2:40  Barracks Reactor  
  22  2:51  SCV  
  23  2:54  Supply Depot  
  23  3:03  SCV  
  24  3:09  Engineering Bay  
  24  3:15  SCV  
  24  3:18  Marine x3  
  24  3:19  Marine  
  29  3:27  SCV  
  29  3:31  Supply Depot  
  30  3:36  Marine x2  
  30  3:39  SCV  
  33  3:43  SCV  
  34  3:51  SCV  
  35  3:59  Marine x2  
  35  4:00  Marine x2  
  39  4:03  SCV  
  40  4:16  SCV  
  41  4:17  Marine x3  
  44  4:28  SCV  
  42  4:44  SCV  
  43  4:47  Refinery  
  43  4:49  SCV  
  43  4:51  Refinery  
  44  4:59  Supply Depot  
  44  5:00  Factory  
  44  5:01  SCV  
  45  5:09  SCV  
  45  5:13  SCV  
  47  5:21  SCV  
  47  5:22  Supply Depot  
  47  5:25  SCV  
  49  5:33  SCV  
  50  5:37  SCV  
  51  5:44  Factory Tech Lab  
  51  5:46  Factory, SCV  
  51  5:49  SCV  
  53  5:52  Command Center  
  53  5:58  SCV  
  53  6:01  SCV  
  55  6:13  SCV  
  56  6:26  SCV  
  57  6:37  Barracks  
  57  6:38  SCV  
  58  6:43  Factory Tech Lab  
  58  6:49  Starport  
  58  6:50  SCV  
  58  6:52  Marine x2  
  58  6:53  Marine x2  
  63  6:56  Supply Depot  
  63  7:02  SCV  
  63  7:07  SCV  
  65  7:10  Marine x3  
  65  7:11  Marine, SCV  
  65  7:14  SCV  
  71  7:16  Refinery  
  71  7:19  SCV  
  72  7:23  SCV  
  72  7:25  Refinery  
  72  7:26  SCV  
  72  7:28  Marine x4  
  78  7:30  Starport  
  78  7:31  SCV  
  78  7:34  Siege Tank x2  
  78  7:36  SCV  
  86  7:37  Starport, Starport Tech Lab  
  86  7:38  SCV  
  86  7:43  SCV  
  88  7:46  Marine x3  
  88  7:48  SCV  
  88  7:50  SCV  
  93  7:55  SCV  
  94  8:00  SCV  
  94  8:02  SCV  
  96  8:06  Siege Tank  
  96  8:07  SCV  
  96  8:08  Starport  
  100  8:14  SCV  
  101  8:24  Barracks Tech Lab  
  101  8:31  Starport Tech Lab  
  101  8:39  SCV  
  101  8:40  SCV  
  99  8:41  Siege Tank  
  99  8:43  Siege Tank  
  94  8:52  SCV  
  88  9:04  SCV  
  88  9:06  Starport Tech Lab  
  86  9:16  SCV  
  68  9:27  Supply Depot  
  64  9:31  SCV  
  64  9:36  SCV  
  66  9:44  SCV  
  66  9:45  Siege Tank x2  
  73  9:48  SCV  
  73  9:50  Starport  
  73  9:52  Starport  
  74  9:55  Fusion Core  
  74  9:56  SCV  
  74  9:58  Supply Depot  
  75  10:00  SCV  
  75  10:03  Barracks  
  75  10:04  Barracks  
  76  10:08  Factory, SCV  
  76  10:13  SCV  
  78  10:14  Factory  
  78  10:17  Siege Tank x2, Starport Tech Lab  
  78  10:19  Starport  
  78  10:20  SCV  
  85  10:25  SCV  
  85  10:27  Starport  
  86  10:37  SCV  
  86  10:41  Starport Tech Lab  
  86  10:42  Starport Tech Lab  
  87  10:49  Siege Tank x2, SCV, Weapon Refit  
  94  10:58  Starport  
  94  11:05  Armory  
  94  11:06  Armory  
  94  11:20  Engineering Bay  
  94  11:21  Siege Tank x2  
  100  11:49  Orbital Command  
  100  11:53  Siege Tank  
  103  11:54  Orbital Command  
  103  12:20  Starport Tech Lab  
  103  12:37  Terran Ship Weapons Level 1  
  103  12:38  Terran Vehicle And Ship Armor Level 1  
  103  12:41  Neosteel Frame  
  103  12:50  Factory Tech Lab  
  103  12:54  Barracks Reactor x2  
  103  12:56  Factory Tech Lab  
  98  14:20  Starport Tech Lab x2  
  98  14:33  Command Center  
Show
View Real Time Build Order
Export as new Build Order

TIGER Zerg 

Build Orders: Hatch First 

Get SALT Encoding   

  12  0:05  Drone  
  13  0:09  Drone  
  14  0:18  Overlord  
  14  0:36  Drone x2  
  14  0:38  Drone  
  17  1:02  Hatchery  
  16  1:11  Drone, Spawning Pool  
  16  1:14  Drone  
  16  1:16  Drone  
  18  1:23  Drone  
  18  1:24  Extractor  
  18  1:34  Drone  
  19  1:48  Overlord  
  19  2:00  Drone, Queen  
  22  2:07  Drone  
  23  2:16  Drone, Queen  
  23  2:19  Drone  
  27  2:25  Drone, Metabolic Boost  
  27  2:28  Zergling x2  
  29  2:32  Spine Crawler  
  29  2:36  Zergling x2  
  29  2:39  Drone  
  30  2:49  Zergling x4  
  30  2:50  Baneling Nest  
  31  3:00  Zergling x4  
  33  3:18  Zergling x2  
  33  3:19  Zergling x4  
  36  3:27  Overlord x2  
  36  3:44  Baneling  
  36  3:46  Baneling  
  36  3:47  Zergling x2  
  36  3:48  Zergling x12  
  41  3:49  Hatchery  
  42  3:56  Baneling  
  42  3:58  Drone x2  
  44  4:05  Baneling x2  
  44  4:08  Lair  
  44  4:10  Drone  
  45  4:20  Baneling  
  45  4:21  Overlord  
  45  4:23  Drone x2  
  47  4:37  Zergling x10  
  52  4:57  Drone  
  52  4:58  Drone x2, Overlord  
  52  4:59  Extractor  
  55  5:07  Drone x2  
  55  5:08  Drone  
  55  5:11  Drone x3  
  55  5:13  Extractor  
  59  5:17  Drone x3  
  62  5:23  Drone x2  
  62  5:26  Baneling x2  
  64  5:29  Drone x3  
  64  5:30  Drone  
  68  5:46  Spire  
  67  5:53  Spore Crawler  
  67  5:54  Extractor  
  67  5:56  Drone  
  69  5:57  Drone x3  
  69  5:58  Spore Crawler  
  69  5:59  Drone x2  
  69  6:00  Drone x2  
  69  6:33  Queen  
  69  6:34  Drone x2  
  69  6:35  Centrifical Hooks  
  73  6:40  Overlord  
  73  6:41  Overlord x2  
  73  6:42  Evolution Chamber  
  73  6:44  Evolution Chamber  
  71  6:47  Drone x2  
  73  6:56  Overlord x2  
  73  7:01  Drone x3  
  76  7:07  Drone  
  76  7:08  Drone x2  
  79  7:09  Zerg Melee Weapons Level 1, Infestation Pit  
  79  7:10  Zerg Ground Armor Level 1  
  79  7:12  Drone  
  79  7:13  Drone x2  
  81  7:20  Baneling x4  
  81  7:22  Baneling x2  
  78  7:31  Baneling x2  
  75  7:48  Drone x3  
  79  7:51  Drone x3, Spore Crawler  
  79  7:54  Extractor  
  79  7:58  Drone x2  
  79  7:59  Drone x5  
  79  8:00  Drone x3  
  79  8:01  Drone x2, Extractor  
  79  8:02  Drone  
  79  8:03  Overlord x2  
  91  8:13  Hive  
  91  8:18  Zergling x14  
  98  8:29  Spore Crawler  
  97  8:44  Hatchery  
  97  8:46  Extractor  
  97  8:47  Drone x3  
  97  8:48  Extractor, Drone x2  
  98  8:49  Drone  
  98  8:50  Drone x3  
  98  8:51  Drone  
  98  8:53  Zergling x8  
  108  8:58  Overlord  
  108  8:59  Zergling x4  
  108  9:01  Baneling  
  108  9:02  Baneling x8  
  105  9:19  Zerg Ground Armor Level 2, Zerg Melee Weapons Level 2  
  105  9:25  Queen  
  105  9:30  Adrenal Glands  
  107  9:36  Greater Spire  
  107  9:38  Drone x6  
  112  9:40  Ultralisk Cavern  
  112  9:49  Overlord  
  112  9:50  Spore Crawler, Overlord  
  111  9:53  Zergling x16  
  111  9:54  Zergling x2  
  111  9:56  Spore Crawler  
  119  10:10  Overlord  
  119  10:11  Overlord x4  
  119  10:12  Overlord  
  119  10:15  Zergling x2  
  119  10:16  Zergling x6  
  123  10:23  Overseer  
  123  10:25  Pneumatized Carapace  
  123  10:26  Hatchery  
  122  10:33  Chitinous Plating  
  128  10:35  Ultralisk  
  128  10:36  Ultralisk x2  
  140  10:46  Ultralisk  
  146  10:59  Zergling x4  
  146  11:00  Ultralisk x2  
  146  11:02  Overlord  
  146  11:03  Overlord  
  160  11:12  Hatchery  
  159  11:19  Extractor  
  158  11:28  Zerg Flyer Weapons Level 1  
  158  11:29  Ultralisk  
  158  11:30  Ultralisk x3  
  182  11:53  Zerg Ground Armor Level 3  
  182  11:54  Zerg Melee Weapons Level 3  
  182  11:58  Ultralisk x2  
  175  12:28  Ultralisk x2  
  175  12:29  Zergling x16  
  194  12:30  Zergling x12  
  200  12:51  Baneling  
  200  12:52  Baneling x10  
  200  12:53  Baneling x2  
  200  13:03  Spire  
  178  14:07  Zergling x4  
  178  14:08  Ultralisk x3, Zergling x2  
  178  14:09  Zergling x2  
  200  14:15  Baneling x3  
  200  14:16  Baneling x4  
  200  14:49  Spore Crawler  
Show
View Real Time Build Order
Export as new Build Order

LeoZJ Protoss 

Build Orders: Phoenix Opening 

Get SALT Encoding   

  12  0:20  Probe  
  13  0:25  Pylon  
  13  0:32  Probe  
  14  0:45  Probe (Chrono Boost), Gateway  
  15  0:56  Probe (Chrono Boost)  
  16  0:59  Assimilator  
  16  1:04  Probe (Chrono Boost)  
  17  1:12  Assimilator  
  17  1:17  Probe (Chrono Boost)  
  18  1:24  Pylon  
  18  1:26  Probe  
  19  1:37  Cybernetics Core  
  19  1:38  Probe  
  20  1:50  Probe  
  21  2:05  Nexus  
  21  2:13  Probe (Chrono Boost)  
  22  2:20  Stargate  
  22  2:25  Probe (Chrono Boost)  
  23  2:33  Probe (Chrono Boost)  
  24  2:41  Probe  
  25  2:53  Probe  
  25  2:56  Stargate  
  26  3:03  Phoenix (Chrono Boost)  
  26  3:05  Probe  
  29  3:16  Assimilator  
  29  3:21  Probe  
  29  3:22  Assimilator  
  29  3:24  Pylon  
  30  3:32  Probe (Chrono Boost)  
  32  3:37  Phoenix  
  32  3:39  Probe (Chrono Boost)  
  34  3:42  Phoenix  
  34  3:43  Probe (Chrono Boost)  
  37  3:51  Forge  
  37  3:53  Probe  
  38  3:56  Probe  
  39  4:08  Probe  
  40  4:28  Phoenix  
  40  4:30  Probe (Chrono Boost)  
  43  4:36  Photon Cannon  
  43  4:39  Shield Battery  
  43  4:42  Probe (Chrono Boost), Phoenix  
  46  4:50  Probe (Chrono Boost)  
  46  4:51  Probe (Chrono Boost)  
  48  4:53  Phoenix  
  48  4:56  Probe  
  48  4:59  Probe  
  52  5:08  Probe  
  52  5:13  Probe, Protoss Air Weapons Level 1 (Chrono Boost)  
  54  5:16  Pylon  
  54  5:20  Pylon  
  54  5:34  Probe, Phoenix x2  
  59  5:38  Pylon, Probe  
  60  5:44  Pylon  
  60  5:46  Probe  
  61  5:51  Probe  
  62  5:58  Probe  
  62  5:59  Phoenix  
  65  6:06  Phoenix  
  67  6:24  Phoenix  
  69  6:31  Phoenix  
  71  6:49  Phoenix  
  74  6:54  Probe  
  74  7:03  Probe  
  74  7:08  Fleet Beacon, Protoss Air Armor Level 1 (Chrono Boost)  
  75  7:09  Stargate  
  75  7:11  Pylon  
  75  7:12  Probe  
  75  7:15  Probe, Pylon  
  77  7:20  Photon Cannon  
  77  7:21  Protoss Shields Level 1, Shield Battery  
  77  7:24  Phoenix  
  77  7:25  Phoenix  
  77  7:27  Probe  
  82  7:36  Nexus  
  82  7:37  Pylon  
  82  7:46  Probe  
  83  7:54  Stargate  
  83  7:55  Probe  
  90  8:01  Carrier (Chrono Boost)  
  96  8:11  Photon Cannon  
  96  8:12  Photon Cannon  
  96  8:15  Photon Cannon  
  96  8:17  Shield Battery  
  96  8:19  Shield Battery  
  96  8:22  Assimilator  
  96  8:27  Assimilator  
  96  8:30  Anion Pulse-Crystals (Chrono Boost)  
  96  8:31  Probe, Carrier  
  97  8:41  Pylon  
  79  9:23  Carrier  
  85  9:25  Nexus  
  85  9:27  Graviton Catapult  
  85  9:28  Pylon  
  85  9:33  Probe (Chrono Boost)  
  87  9:45  Probe (Chrono Boost)  
  87  9:46  Carrier (Chrono Boost)  
  87  9:52  Probe (Chrono Boost)  
  94  9:53  Photon Cannon  
  94  9:55  Photon Cannon  
  94  9:59  Probe  
  95  10:11  Protoss Air Weapons Level 2  
  95  10:12  Probe  
  96  10:24  Probe  
  97  10:33  Pylon  
  97  10:38  Pylon  
  97  10:41  Carrier (Chrono Boost)  
  103  10:53  Carrier (Chrono Boost)  
  109  11:07  Probe  
  110  11:19  Probe  
  111  11:31  Probe  
  112  11:38  Carrier (Chrono Boost)  
  118  11:43  Probe  
  119  11:49  Nexus  
  119  11:50  Pylon  
  119  11:55  Carrier  
  119  11:56  Probe  
  126  13:07  Carrier x3  
  152  13:23  Assimilator  
Tags
 
Add a new tag
Caveats
  • Supply blocks, unpowered buildings, or Contaminate may cause inaccurate times.
  • Supply counts are checked every 10 seconds.